[Event "Team 45 45 League T86"]
[Site "Internet Chess Club"]
[Date "2020.10.24"]
[Round "4"]
[White "goldeen7"]
[Black "Constrictor"]
[Result "1/2-1/2"]
[WhiteElo "1344"]
[BlackElo "1516"]
[Opening "Caro-Kann: Bronstein-Larsen variation"]
[ECO "B16"]
[Time "11:03:24"]
[TimeControl "2700+45"]

1. e4 c6 2. d4 d5 3. Nc3 dxe4 4. Nxe4 Nf6 5. Nxf6+ gxf6 6. Be3 Bf5 7. Bd3 Bxd3
8. Qxd3 Qa5+ 9. Bd2 Qa6 10. Qxa6 Nxa6 11. O-O-O O-O-O 12. Nf3 Rg8 13. g3 Nc7 14.
c4 e6 15. Rhe1 Bg7 16. Bc3 b5 17. b3 Rd7 18. Kc2 Na8 19. cxb5 cxb5 20. Kb1 Nb6
21. Rc1 Kb7 22. Re2 Rc8 23. Rec2 Rdc7 24. Ba5 Rxc2 25. Rxc2 Rxc2 26. Kxc2 Nd5
27. Kd3 Kc6 28. a4 Bf8 29. axb5+ Kxb5 30. Be1 Bb4 31. Bxb4 Kxb4 32. Nd2 f5 33.
Kc2 Nf6 34. f3 Nd5 35. Nc4 f4 36. gxf4 Nxf4 37. Ne5 Ne2 38. Nc6+ Kb5 39. Nxa7+
Kb6 40. Nc8+ Kc7 41. Kd3 Nc1+ 42. Kc2 Nxb3 43. Kxb3 Kxc8 44. Kc4 Kd7 45. d5 Kd6
46. dxe6 Kxe6 47. Kd4 Kf5 48. Ke3 Kg5 49. Ke4 f5+ 50. Ke5 h5 51. f4+ Kg4 52. h3+
Kxh3 53. Kxf5 Kg3 54. Kg5 h4 55. f5 h3 56. f6 h2 57. f7 h1=Q 58. f8=Q Qh4+ 59.
Kg6 Qg4+ 60. Kf7 Qf5+ 61. Kg7 Qxf8+ 62. Kxf8 {Game drawn because neither player
has mating material} 1/2-1/2

[Event "Team 45 45 League T86"]
[Site "Internet Chess Club"]
[Date "2020.10.23"]
[Round "4"]
[White "cayo89"]
[Black "Portola"]
[Result "1-0"]
[WhiteElo "1553"]
[BlackElo "1652"]
[Opening "Queen's pawn, Mason variation"]
[ECO "D00"]
[Time "17:11:06"]
[TimeControl "2700+45"]

1. d4 d5 2. Bf4 Bf5 3. e3 e6 4. Bd3 Bg6 5. Nf3 Nf6 6. Ne5 Bd6 7. Nxg6 hxg6 8.
Qf3 Qe7 9. Nd2 Nbd7 10. Bxd6 Qxd6 11. h3 c5 12. c3 cxd4 13. exd4 O-O 14. O-O e5
15. Qe3 exd4 16. Qxd4 Rfe8 17. Rfe1 a6 18. Nf3 Nf8 19. Bc2 Ne6 20. Qd2 Qb6 21.
Rab1 Qc7 22. Nd4 Nc5 23. Rxe8+ Rxe8 24. Re1 Nce4 25. Qc1 Qc8 26. Bb3 Nc5 27. Bc2
Ne6 28. Bb3 Nxd4 29. cxd4 Rxe1+ 30. Qxe1 Qc7 31. Qe3 Qd7 32. Qe5 Qc6 33. Qb8+
Kh7 34. Qf4 b5 35. a3 a5 36. Qd2 Ne4 37. Qc2 Qd6 38. Qe2 a4 39. Bc2 Qc6 40. Bxe4
dxe4 41. Qd2 Qd5 42. Qb4 Qf5 43. Qc5 Qf4 44. d5 Qd2 45. d6 e3 46. fxe3 Qe1+ 47.
Kh2 Qf2 48. d7 Qd2 49. Qd4 {Black resigns} 1-0

[Event "Team 45 45 League T86"]
[Site "Internet Chess Club"]
[Date "2020.10.25"]
[Round "4"]
[White "evan7284"]
[Black "liujf"]
[Result "1/2-1/2"]
[WhiteElo "1616"]
[BlackElo "1596"]
[Opening "Queen's pawn, Mason variation"]
[ECO "D00"]
[Time "14:00:25"]
[TimeControl "2700+45"]

1. d4 d5 2. Bf4 Nf6 3. e3 c5 4. c3 Nc6 5. Bd3 e6 6. Nd2 Bd6 7. Bxd6 Qxd6 8. f4
b6 9. Ngf3 Bb7 10. Ne5 Rc8 11. Qf3 Ne7 12. O-O Ng6 13. g4 Ne4 14. Nxe4 dxe4 15.
Bxe4 Bxe4 16. Qxe4 Qd5 17. Qxd5 exd5 18. Nxg6 hxg6 19. dxc5 bxc5 20. Rad1 Rd8
21. Kg2 f6 22. Rd2 Kf7 23. Rfd1 Rb8 24. b3 Rhe8 25. Kf3 Rh8 26. Rxd5 Rh3+ 27.
Kg2 Rxe3 28. Rd7+ Re7 29. Rxe7+ Kxe7 30. Rd5 Rc8 31. f5 gxf5 32. gxf5 Rc6 33.
Kf3 c4 34. bxc4 Rxc4 35. Rd3 Ra4 36. Rd2 Rc4 37. Rc2 Kd6 38. Ke3 Ke5 39. Kd3 Rh4
40. Rg2 Rh3+ 41. Kc4 Kxf5 42. Rxg7 Rxh2 43. Rxa7 Kg6 44. a4 f5 45. Ra8 f4 46.
Rf8 Rh4 47. Kd3 Kg7 48. Rf5 Kg6 49. Rf8 Kg7 50. Ra8 Rh3+ 51. Ke4 Rxc3 52. Kxf4
Kf6 53. Ra6+ Ke7 54. Ke5 Rc5+ 55. Kd4 Rc1 56. Rb6 Kd7 57. Rb5 Kc6 58. Rb2 Ra1
59. Rb4 Rc1 60. Kd3 {Game drawn by mutual agreement} 1/2-1/2

[Event "Team 45 45 League T86"]
[Site "Internet Chess Club"]
[Date "2020.10.25"]
[Round "4"]
[White "Hal2001"]
[Black "rubo"]
[Result "1/2-1/2"]
[WhiteElo "1523"]
[BlackElo "1474"]
[Opening "Caro-Kann: classical variation"]
[ECO "B18"]
[Time "20:01:17"]
[TimeControl "2700+45"]

1. e4 c6 2. d4 d5 3. Nc3 dxe4 4. Nxe4 Bf5 5. Ng3 Bg6 6. N1e2 Nd7 7. h4 h6 8. Nf4
Bh7 9. Bd3 Bxd3 10. Qxd3 e5 11. Nfe2 Ngf6 12. Bd2 Qc7 13. O-O-O O-O-O 14. Qc4
Nd5 15. Qa4 b6 16. Rhe1 g6 17. Nc3 Nxc3 18. Bxc3 Bg7 19. Qc4 exd4 20. Bxd4 Bxd4
21. Rxd4 Nc5 22. Red1 Rxd4 23. Qxd4 Rd8 24. Qxd8+ Qxd8 25. Rxd8+ Kxd8 26. Kd2
Ke7 27. b3 Ke6 28. Ke3 f5 29. f4 Na6 30. a3 Nc7 31. c4 c5 32. Ne2 Kf6 33. Nc3
Ke6 34. g3 {Game drawn by mutual agreement} 1/2-1/2

[Event "Team 45 45 League T86"]
[Site "Internet Chess Club"]
[Date "2020.10.25"]
[Round "4"]
[White "nosir"]
[Black "Tjet"]
[Result "1/2-1/2"]
[WhiteElo "1425"]
[BlackElo "1312"]
[Opening "King's Indian, 3.Nf3"]
[ECO "E61"]
[Time "15:06:49"]
[TimeControl "2700+45"]

1. d4 Nf6 2. Nf3 g6 3. c4 Bg7 4. Nc3 O-O 5. Bf4 d6 6. Qd2 c5 7. d5 a6 8. Bh6
Nbd7 9. Bxg7 Kxg7 10. e4 Ng4 11. h3 Nge5 12. Be2 Nxf3+ 13. Bxf3 Ne5 14. Be2 f6
15. Nd1 Bd7 16. Ne3 b5 17. a3 bxc4 18. f4 Nd3+ 19. Bxd3 cxd3 20. Qxd3 Qa5+ 21.
Qc3 Qxc3+ 22. bxc3 Rfb8 23. O-O Rb3 24. Rfc1 Rab8 25. a4 h5 26. Nc4 Be8 27. a5
Bb5 28. Nb6 Kf7 29. c4 Be8 30. Rcb1 Re3 31. Re1 Rxe1+ 32. Rxe1 e5 33. fxe5 fxe5
34. h4 Ke7 35. Rf1 Rd8 36. Ra1 Bd7 37. Nxd7 Kxd7 38. Rb1 Kc7 39. g3 Rb8 40. Rxb8
Kxb8 41. Kf2 Kc7 42. g4 Kd7 43. Kg3 Ke7 44. Kf3 Kf7 45. Kg2 Kf6 46. Kg3 Kf7 47.
Kf3 Kf6 48. Kg3 Kf7 49. Kf3 Kf6 50. Kg2 Kf7 51. Kg3 Kf6 52. Kf3 {Game drawn by
mutual agreement} 1/2-1/2

[Event "Team 45 45 League T86"]
[Site "Internet Chess Club"]
[Date "2020.10.25"]
[Round "4"]
[White "zugknightly"]
[Black "WillC"]
[Result "1-0"]
[WhiteElo "1856"]
[BlackElo "1591"]
[Opening "English opening"]
[ECO "A20"]
[Time "17:01:55"]
[TimeControl "2700+45"]

1. c4 e5 2. g3 Nf6 3. Bg2 c6 4. d4 Bb4+ 5. Bd2 Bxd2+ 6. Qxd2 exd4 7. Qxd4 d6 8.
Nc3 O-O 9. Nf3 Be6 10. b3 Qe7 11. e4 Rd8 12. O-O d5 13. cxd5 cxd5 14. e5 Ne8 15.
Rad1 Nc6 16. Qf4 h6 17. h4 Rac8 18. Nd4 Nxd4 19. Qxd4 Nc7 20. Qxa7 Qb4 21. Qd4
Na6 22. Nxd5 Bxd5 23. Bxd5 Qa5 24. Qg4 Nc7 25. Bxb7 Rb8 26. Rxd8+ Rxd8 27. a4
Qxe5 28. Rd1 Rb8 29. Qe4 Qc5 30. b4 Qb6 31. Bc6 Qxb4 32. Rd8+ Rxd8 33. Qxb4
{Black resigns} 1-0

[Event "Team 45 45 League T86"]
[Site "Internet Chess Club"]
[Date "2020.10.24"]
[Round "4"]
[White "RD1974"]
[Black "Denis240964"]
[Result "0-1"]
[WhiteElo "1542"]
[BlackElo "1441"]
[Opening "QGD: Chigorin defense"]
[ECO "D07"]
[Time "10:01:10"]
[TimeControl "2700+45"]

1. d4 d5 2. c4 Nc6 3. cxd5 Qxd5 4. e3 Nf6 5. Nc3 Qd8 6. Bb5 Bd7 7. Nf3 e6 8. a3
Be7 9. O-O O-O 10. Ba4 a6 11. Re1 Nd5 12. e4 Nb6 13. Bc2 Be8 14. Qd3 f6 15. Be3
Bh5 16. e5 Bg6 17. Ne4 f5 18. Nc5 Bxc5 19. dxc5 Nd5 20. Bg5 Qe8 21. Ba4 f4 22.
Qc4 Qf7 23. Bxc6 bxc6 24. Nd4 h6 25. Bh4 Qd7 26. Qa4 Be8 27. f3 Ne3 28. Bf2 Nd5
29. Qc4 g5 30. Rad1 Bg6 31. Nb3 Rfd8 32. Nd2 a5 33. Ne4 Qe7 34. Nf6+ Kg7 35. Qa4
Ra6 36. Qc4 Raa8 37. b4 axb4 38. axb4 Rf8 39. Bd4 Ra4 40. Nxd5 cxd5 41. Qb5 Rfa8
42. Re2 Be8 43. Qd3 Rxb4 44. Qd2 Raa4 45. Bf2 Qd7 46. h4 d4 47. hxg5 hxg5 48.
Re4 Bg6 49. Rxd4 Rxd4 50. Bxd4 Kf8 51. Qc3 Ke8 52. Rd2 Qc6 53. Qb3 Ke7 54. Qb8
Be8 55. Qb1 Rc4 56. Qh7+ Kd8 57. Rb2 Qa8 58. Rd2 Rc1+ 59. Kh2 Kc8 60. Qg8 Qc6
61. Qxg5 Qd7 62. g4 Qh7+ 63. Kg2 Qh1+ 64. Kf2 Qf1# {White checkmated} 0-1

[Event "Team 45 45 League T86"]
[Site "Internet Chess Club"]
[Date "2020.10.27"]
[Round "4"]
[White "DaveTheRook"]
[Black "Rybo88"]
[Result "1/2-1/2"]
[WhiteElo "1532"]
[BlackElo "1446"]
[Opening "English opening"]
[ECO "A17"]
[Time "17:00:19"]
[TimeControl "2700+45"]

1. c4 Nf6 2. Nc3 e6 3. d3 Be7 4. Nf3 d5 5. cxd5 Nxd5 6. Nxd5 exd5 7. d4 O-O 8.
e3 Bg4 9. Be2 Nd7 10. O-O Nf6 11. h3 Bh5 12. Ne5 Bxe2 13. Qxe2 c5 14. b3 cxd4
15. exd4 Re8 16. Bb2 Bd6 17. Qd3 Ne4 18. Rac1 Qa5 19. Rc2 a6 20. Rfc1 Rad8 21.
Qf3 Nf6 22. Bc3 Qb5 23. Qd3 Qb6 24. Qf5 Ba3 25. Rd1 Rc8 26. Ba5 Qe6 27. Qxe6
fxe6 28. Re2 Ne4 29. Re3 Rf8 30. Re2 Bd6 31. Nf3 b5 32. Be1 Rc7 33. Ba5 Rc6 34.
Nd2 Nxd2 {Game drawn by mutual agreement} 1/2-1/2

[Event "Team 45 45 League T86"]
[Site "Internet Chess Club"]
[Date "2020.10.24"]
[Round "4"]
[White "sdcohle"]
[Black "mongmong"]
[Result "1/2-1/2"]
[WhiteElo "1355"]
[BlackElo "1426"]
[Opening "French: Winawer (Nimzovich) variation"]
[ECO "C15"]
[Time "21:06:23"]
[TimeControl "2700+45"]

1. e4 e6 2. d4 d5 3. Nc3 Bb4 4. exd5 exd5 5. Bd2 Nf6 6. Bd3 O-O 7. Nf3 Re8+ 8.
Be2 Bg4 9. O-O Nbd7 10. h3 Bh5 11. Re1 c6 12. Ne5 Bxe2 13. Rxe2 Qc7 14. Bf4 Bd6
15. Nxd7 Qxd7 16. Be5 Bxe5 17. dxe5 Nh5 18. Qd4 g6 19. Rae1 Ng7 20. Ne4 Nf5 21.
Nf6+ Kg7 22. Qd2 Qe6 23. Nxe8+ Rxe8 24. c3 c5 25. Qg5 d4 26. cxd4 Nxd4 27. Qf6+
Kg8 28. Qxe6 Rxe6 29. Rd2 f6 30. f4 Kf7 31. Kf2 fxe5 32. Rxe5 Rxe5 33. fxe5 Ke6
34. Rd3 Kxe5 35. Re3+ Kd6 36. Rd3 Ke5 37. Re3+ Kd6 38. Re8 b5 39. Ra8 Nc6 40.
Rh8 h5 41. Ke3 a5 42. Ke4 Ne7 43. Rd8+ Ke6 44. b3 Nf5 45. Rd3 c4 46. bxc4 bxc4
47. Ra3 Nd6+ 48. Ke3 Nf5+ 49. Kf4 Kd5 50. Rxa5+ Kd4 51. Kg5 Ne3 52. Kxg6 Nxg2
53. Kxh5 c3 54. Ra8 c2 55. Rc8 Kd3 56. a4 Ne3 57. Rxc2 Nxc2 58. a5 Nb4 59. Kg6
Kc4 60. h4 Kb5 61. h5 Nd5 62. h6 Ne7+ 63. Kf7 Nf5 64. h7 Nh6+ 65. Kg7 Nf5+ 66.
Kf8 Nh4 67. h8=Q Ng6+ 68. Kg7 Nxh8 69. Kxh8 Kxa5 {Game drawn because neither
player has mating material} 1/2-1/2

[Event "Team 45 45 League T86"]
[Site "Internet Chess Club"]
[Date "2020.10.22"]
[Round "4"]
[White "KidRattler"]
[Black "rookmaster23"]
[Result "0-1"]
[WhiteElo "1739"]
[BlackElo "1701"]
[Opening "Sicilian: Smith-Morra gambit"]
[ECO "B21"]
[Time "19:48:19"]
[TimeControl "2700+45"]

1. e4 c5 2. d4 cxd4 3. c3 dxc3 4. Nxc3 Nc6 5. Nf3 d6 6. Bc4 e6 7. O-O Nf6 8. Qe2
Be7 9. Rd1 e5 10. h3 O-O 11. Bg5 h6 12. Bxf6 Bxf6 13. Rac1 Re8 14. Nd5 Be6 15.
Bb5 Rc8 16. Qe3 Bg5 17. Nxg5 Qxg5 18. Qa3 Nd4 19. Bxe8 Rxc1 20. Ba4 Rxd1+ 21.
Bxd1 Qd2 22. Qa4 b5 23. Ne7+ Kh7 24. Qxa7 Qxd1+ 25. Kh2 Ne2 26. f3 Qd4 27. Nc6
Qxa7 28. Nxa7 Bd7 29. b3 Nc3 30. a4 bxa4 31. bxa4 Nxa4 32. f4 exf4 33. e5 dxe5
34. h4 e4 35. h5 e3 36. g4 e2 37. g5 e1=Q 38. g6+ fxg6 39. hxg6+ Kxg6 40. Kg2
Qg3+ 41. Kh1 Bh3 42. Nc6 Qg2# {White checkmated} 0-1

[Event "Team 45 45 League T86"]
[Site "Internet Chess Club"]
[Date "2020.10.24"]
[Round "4"]
[White "sburreus09"]
[Black "ivanson"]
[Result "0-1"]
[WhiteElo "1513"]
[BlackElo "1617"]
[Opening "King's Indian: Sämisch, 5...O-O"]
[ECO "E81"]
[Time "14:01:29"]
[TimeControl "2700+45"]

1. d4 Nf6 2. c4 g6 3. Nc3 Bg7 4. e4 d6 5. f3 O-O 6. Bd3 c5 7. d5 e6 8. Nge2 exd5
9. cxd5 a6 10. a4 Nbd7 11. Be3 Ne5 12. O-O Nxd3 13. Qxd3 Bd7 14. Ng3 Rb8 15. h3
b5 16. axb5 axb5 17. Qd2 b4 18. Nce2 Re8 19. Ra7 Qb6 20. Rfa1 Rb7 21. Ra8 Rxa8
22. Rxa8+ Rb8 23. Ra1 Bb5 24. Nc1 Qb7 25. f4 Qe7 26. Qc2 Nxd5 27. Bxc5 dxc5 28.
exd5 Bd4+ 29. Kh2 Qe3 30. Nce2 Re8 31. Re1 Bd3 32. Nxd4 Bxc2 33. Rxe3 Rxe3 34.
Nxc2 Rd3 35. f5 Rxd5 36. fxg6 hxg6 37. Ne4 Kf8 38. b3 Ke7 39. h4 f5 40. Ng5 Rd3
41. Nf3 Rxb3 42. Ne5 Rc3 43. Ne1 b3 44. N1d3 Rc2 45. Nxg6+ Kf6 46. Ngf4 b2 47.
Nxb2 Rxb2 48. h5 Rb8 49. Kh3 Rd8 50. Kh4 c4 51. h6 Rd4 52. Kg3 c3 53. h7 Rd8 54.
Nd5+ Kg7 55. Nxc3 Rd3+ 56. Kf4 Rxc3 57. Kxf5 Kxh7 58. g4 Kg7 {White resigns} 0-1

[Event "Team 45 45 League T86"]
[Site "Internet Chess Club"]
[Date "2020.10.23"]
[Round "4"]
[White "Validus"]
[Black "clarinetref"]
[Result "1-0"]
[WhiteElo "1434"]
[BlackElo "1411"]
[Opening "Robatsch (modern) defense"]
[ECO "B06"]
[Time "19:34:55"]
[TimeControl "2700+45"]

1. e4 g6 2. d4 Bg7 3. Bf4 d6 4. Nf3 Nd7 5. Qd2 c5 6. c3 h6 7. Bd3 Qb6 8. Be3
Ngf6 9. h3 cxd4 10. cxd4 Qc7 11. Na3 a6 12. Rc1 Qd8 13. O-O e5 14. dxe5 dxe5 15.
Nc4 Qe7 16. Nb6 Nxb6 17. Bxb6 O-O 18. Bc5 Qe6 19. Bxf8 Bxf8 20. Rfe1 a5 21. a3
Kg7 22. Qc3 Nd7 23. Bc4 Qe8 24. Bb5 Qe7 25. Bxd7 Bxd7 26. Qxe5+ Qxe5 27. Nxe5
Be6 28. Red1 Bb3 29. Rd7 Re8 30. Nxf7 Bxf7 31. Rcc7 Re7 32. Rxe7 Bxe7 33. Rxe7
Kf6 34. Rxb7 a4 35. Rb5 Bb3 36. f4 Bc4 37. Rb4 Bb3 38. Kf2 Ke6 39. Ke3 Kf6 40.
g4 h5 41. gxh5 gxh5 42. Rb5 Kg6 43. h4 Bd1 44. Kd4 Kf6 45. Rb6+ Ke7 46. Ke5 Kd7
47. f5 Kc7 48. Rd6 Bc2 49. f6 Bxe4 50. f7 {Black resigns} 1-0

[Event "Team 45 45 League T86"]
[Site "Internet Chess Club"]
[Date "2020.10.25"]
[Round "4"]
[White "Electryon"]
[Black "bardu"]
[Result "1-0"]
[WhiteElo "1321"]
[BlackElo "1351"]
[Opening "Queen's pawn game"]
[ECO "A46"]
[Time "15:04:49"]
[TimeControl "2700+45"]

1. d4 Nf6 2. Nf3 e6 3. Bf4 c5 4. c3 d5 5. Nbd2 Nc6 6. e3 Be7 7. h3 O-O 8. Bd3 a6
9. O-O cxd4 10. exd4 b5 11. Ne5 Nxe5 12. dxe5 Nd7 13. Qg4 f5 14. exf6 Nxf6 15.
Qe2 Bd7 16. Nf3 b4 17. Rfc1 Ne4 18. Be5 bxc3 19. Bxc3 Nxc3 20. bxc3 a5 21. a4
Bf6 22. Ra2 Rb8 23. c4 dxc4 24. Bxc4 Re8 25. Rd1 Qe7 26. Ne5 Bxe5 27. Qxe5 Rbd8
28. Qxa5 Ra8 29. Qc7 Rad8 30. Rad2 Bxa4 31. Qxe7 Rxd2 32. Bxe6+ Kh8 33. Qxe8+
Bxe8 34. Rxd2 h6 35. Rd8 {Black resigns} 1-0

[Event "Team 45 45 League T86"]
[Site "Internet Chess Club"]
[Date "2020.10.25"]
[Round "4"]
[White "bobhill"]
[Black "LookImYourVader"]
[Result "1-0"]
[WhiteElo "1902"]
[BlackElo "1773"]
[Opening "Queen's bishop game"]
[ECO "D02"]
[Time "15:05:23"]
[TimeControl "2700+45"]

1. d4 d5 2. Nf3 Nf6 3. Bf4 c5 4. e3 Qb6 5. Nbd2 cxd4 6. exd4 Nc6 7. Nb3 Bg4 8.
c3 e6 9. h3 Bh5 10. Bd3 Be7 11. O-O O-O 12. Re1 Bg6 13. Bxg6 hxg6 14. Rb1 Qa6
15. a3 Ne4 16. Nbd2 Nxd2 17. Nxd2 Rac8 18. Qg4 Qd3 19. Nf1 Qf5 20. Qg3 g5 21.
Bd2 Rfd8 22. Nh2 f6 23. Qf3 Qxf3 24. Nxf3 Kf7 25. Re2 Na5 26. Rbe1 Rd6 27. Nh2
Nc4 28. Bc1 Rb6 29. Ng4 a5 30. Ne3 Bf8 31. Nd1 Rcc6 32. f4 gxf4 33. Bxf4 Rb3 34.
Bc1 b5 35. g4 b4 36. axb4 axb4 37. Rf1 Ra6 38. h4 Ra1 39. Bf4 Rb1 40. g5 Nxb2
41. Nxb2 R1xb2 42. Rxb2 Rxb2 43. cxb4 Bxb4 44. Be5 Be7 45. h5 Re2 46. Rf3 Re4
47. Rf4 Rxf4 48. g6+ Ke8 49. Bxf4 Bd8 50. Kf2 Bb6 51. Ke2 Bxd4 52. Kd3 Bf2 53.
Bd6 Bh4 54. Bc5 Bg5 55. Bd6 Bh6 56. Kd4 Kd7 57. Bb4 Kc6 58. Kd3 e5 59. Bd2 e4+
60. Ke2 {Black resigns} 1-0

[Event "Team 45 45 League T86"]
[Site "Internet Chess Club"]
[Date "2020.10.24"]
[Round "4"]
[White "rookmaster23"]
[Black "CPTsopiens"]
[Result "0-1"]
[WhiteElo "1690"]
[BlackElo "1815"]
[Opening "Ruy Lopez: 5.O-O"]
[ECO "C78"]
[Time "16:00:54"]
[TimeControl "2700+45"]

1. e4 e5 2. Nf3 Nc6 3. Bb5 a6 4. Ba4 Nf6 5. O-O b5 6. Bb3 Bc5 7. c3 d6 8. d4 Bb6
9. a4 Rb8 10. a5 Nxa5 11. dxe5 Nxb3 12. Qxb3 Nxe4 13. Nd4 Bb7 14. exd6 Qxd6 15.
Be3 O-O 16. Rd1 Rbd8 17. Na3 Qd5 18. Qxd5 Rxd5 19. Nac2 Rfd8 20. Nb4 R5d7 21.
Re1 c5 22. Ndc6 Re8 23. Red1 Rxd1+ 24. Rxd1 cxb4 25. Nxb4 Bxe3 26. fxe3 f5
{White resigns} 0-1

[Event "Team 45 45 League T86"]
[Site "Internet Chess Club"]
[Date "2020.10.25"]
[Round "4"]
[White "Beetlejuice"]
[Black "Mitochondria"]
[Result "1-0"]
[WhiteElo "1660"]
[BlackElo "1579"]
[Opening "King's Indian: Sämisch, 5...O-O"]
[ECO "E81"]
[Time "16:00:56"]
[TimeControl "2700+45"]

1. d4 Nf6 2. c4 g6 3. f3 Bg7 4. e4 d6 5. Nc3 O-O 6. Bg5 c5 7. d5 Nbd7 8. Nh3 Rb8
9. Be2 a6 10. a4 h6 11. Be3 Ne5 12. Nf2 Nh7 13. Qd2 f5 14. Bxh6 fxe4 15. Nfxe4
Bf5 16. Bxg7 Kxg7 17. O-O Nf6 18. Ng5 Rh8 19. Rad1 Nh7 20. Nce4 Nxg5 21. Nxg5
Rh6 22. f4 Nf7 23. Bd3 Nxg5 24. fxg5 Rh4 25. Bxf5 gxf5 26. Qd3 f4 27. Qe4 Qf8
28. g3 Rg4 29. Rxf4 Rxf4 30. Qxf4 b5 31. axb5 axb5 32. cxb5 Rxb5 33. Qc4 Rb4 34.
Qc3+ Kg8 35. Rf1 Qb8 36. Qf3 Qe8 37. Qf5 Rb8 38. Qe6+ Kh8 39. Qh6+ Kg8 40. g6
{Black resigns} 1-0

[Event "Team 45 45 League T86"]
[Site "Internet Chess Club"]
[Date "2020.10.23"]
[Round "4"]
[White "Draconian"]
[Black "cadmiumorange"]
[Result "1-0"]
[WhiteElo "1758"]
[BlackElo "1808"]
[Opening "Scandinavian: Icelandic gambit"]
[ECO "B01"]
[Time "13:01:51"]
[TimeControl "2700+45"]

1. e4 d5 2. exd5 Nf6 3. c4 e6 4. dxe6 Bxe6 5. Nf3 Qe7 6. Qe2 Nc6 7. d3 O-O-O 8.
Nc3 Nb4 9. d4 Bg4 10. Be3 Bxf3 11. gxf3 Kb8 12. O-O-O Qd7 13. a3 Na6 14. Rg1 Bd6
15. c5 Be7 16. b4 c6 17. Bf4+ Ka8 18. Rxg7 Nh5 19. Rxf7 Rhe8 20. Be3 Qe6 21. Qc4
Rd5 22. Rxh7 Qf5 23. Bd3 Qxf3 24. Be4 Qg4 25. Nxd5 cxd5 26. Qxd5 {Black resigns}
1-0

[Event "Team 45 45 League T86"]
[Site "Internet Chess Club"]
[Date "2020.10.25"]
[Round "4"]
[White "Packerfan"]
[Black "BrianWood"]
[Result "1/2-1/2"]
[WhiteElo "1808"]
[BlackElo "1649"]
[Opening "English: symmetrical variation"]
[ECO "A36"]
[Time "16:30:34"]
[TimeControl "2700+45"]

1. c4 c5 2. Nc3 Nc6 3. g3 Nf6 4. Bg2 e6 5. e4 d6 6. d3 Be7 7. Nge2 O-O 8. O-O a6
9. d4 Nxd4 10. Nxd4 cxd4 11. Qxd4 Bd7 12. b3 b5 13. cxb5 axb5 14. Bb2 e5 15. Qd2
Qb6 16. Nd5 Nxd5 17. Qxd5 Be6 18. Qd2 b4 19. Rfc1 Rfc8 20. Rxc8+ Rxc8 21. Rc1
{Game drawn by mutual agreement} 1/2-1/2

[Event "Team 45 45 League T86"]
[Site "Internet Chess Club"]
[Date "2020.10.22"]
[Round "4"]
[White "Kingofknights"]
[Black "cayo89"]
[Result "0-1"]
[WhiteElo "1524"]
[BlackElo "1531"]
[Opening "Old Indian: Ukrainian variation"]
[ECO "A53"]
[Time "18:56:20"]
[TimeControl "2700+45"]

1. d4 Nf6 2. c4 d6 3. Nc3 e5 4. d5 c6 5. e4 Be7 6. f3 Nbd7 7. Nh3 Qc7 8. Be2 Nf8
9. Nf2 h5 10. Be3 Ng6 11. Qd2 Bd7 12. O-O-O c5 13. g4 hxg4 14. fxg4 Qa5 15. Rdg1
a6 16. a3 Rb8 17. Nb1 Qxd2+ 18. Nxd2 b5 19. h3 Bd8 20. cxb5 axb5 21. b3 Ke7 22.
Bg5 Bb6 23. Rf1 Ra8 24. Kb2 Ra7 25. Bd3 Rha8 26. Nb1 Rc7 27. Nd1 c4 28. Bc2 Bd4+
29. Ka2 b4 30. Ne3 cxb3+ 31. Kxb3 Bxe3 32. Bxe3 Ba4+ {White resigns} 0-1

[Event "Team 45 45 League T86"]
[Site "Internet Chess Club"]
[Date "2020.10.25"]
[Round "4"]
[White "ivanson"]
[Black "cap78red"]
[Result "1-0"]
[WhiteElo "1624"]
[BlackElo "1398"]
[Opening "Pirc: Austrian attack, 6.Bd3"]
[ECO "B09"]
[Time "14:00:19"]
[TimeControl "2700+45"]

1. e4 d6 2. d4 Nf6 3. Nc3 g6 4. f4 Bg7 5. Nf3 O-O 6. Bd3 Na6 7. O-O c5 8. d5 Bg4
9. h3 Bxf3 10. Qxf3 Nb4 11. a3 c4 12. axb4 cxd3 13. Qxd3 Qb6+ 14. Kh1 Qxb4 15.
Be3 b5 16. Rxa7 Rxa7 17. Bxa7 Ra8 18. Bd4 Nd7 19. Bxg7 Kxg7 20. Qxb5 Qxb5 21.
Nxb5 Rb8 22. c4 Nc5 23. e5 Nd3 24. exd6 exd6 25. b3 f5 26. Rf3 Nc5 27. Re3 Kf7
28. Nxd6+ Kf8 29. Nb5 Ne4 30. Kg1 Ke7 31. Kf1 Kd7 32. Ke1 Ra8 33. Nc3 Ra1+ 34.
Ke2 Nxc3+ 35. Rxc3 Ra2+ 36. Kf3 Kd6 37. b4 Rb2 38. c5+ Kxd5 39. c6 Kd4 40. Rc1
Rxb4 41. c7 Rc4 42. Rxc4+ Kxc4 43. c8=Q+ Kd3 44. Qd7+ {Black resigns} 1-0

[Event "Team 45 45 League T86"]
[Site "Internet Chess Club"]
[Date "2020.10.24"]
[Round "4"]
[White "Gojira"]
[Black "KidRattler"]
[Result "0-1"]
[WhiteElo "1534"]
[BlackElo "1747"]
[Opening "Dutch"]
[ECO "A80"]
[Time "08:03:03"]
[TimeControl "2700+45"]

1. d4 f5 2. Nc3 Nf6 3. Bf4 d6 4. h3 g6 5. Nf3 Bg7 6. e3 b6 7. Bc4 e6 8. Qe2 O-O
9. O-O-O d5 10. Bb3 Ba6 11. Qd2 Nbd7 12. Ne5 Nxe5 13. Bxe5 Ne4 14. Nxe4 Bxe5 15.
Nc3 Bg7 16. Ba4 Qd6 17. Bb5 Bb7 18. f4 c6 19. Be2 Rac8 20. a3 Rfd8 21. Na2 b5
22. Nb4 a5 23. Nd3 Ra8 24. Nc5 Bc8 25. Nd3 Rd7 26. Qc3 Rda7 27. Qc5 Qxc5 28.
Nxc5 Bf8 29. b3 Bxc5 30. dxc5 Kf7 31. g4 Re7 32. Bf3 Bd7 33. Rhe1 Rae8 34. Kd2
e5 35. c3 h6 36. Rh1 Kf6 37. gxf5 exf4 38. exf4 Bxf5 39. Bg4 h5 40. Bf3 Re3 41.
Rhe1 Rd3+ {White resigns} 0-1

[Event "Team 45 45 League T86"]
[Site "Internet Chess Club"]
[Date "2020.10.23"]
[Round "4"]
[White "Pawnchain"]
[Black "rkjulianjr"]
[Result "1/2-1/2"]
[WhiteElo "1391"]
[BlackElo "1362"]
[Opening "Queen's pawn, Mason variation, Steinitz counter-gambit"]
[ECO "D00"]
[Time "14:01:08"]
[TimeControl "2700+45"]

1. d4 d5 2. Bf4 c5 3. e3 cxd4 4. exd4 Nc6 5. c3 Nf6 6. Nd2 Bf5 7. Ngf3 e6 8. Qb3
Qd7 9. Ne5 Nxe5 10. dxe5 Qc7 11. exf6 Qxf4 12. Bb5+ Kd8 13. fxg7 Bxg7 14. Be2 b6
15. g3 Qe5 16. Qb5 {Game drawn by mutual agreement} 1/2-1/2

[Event "Team 45 45 League T86"]
[Site "Internet Chess Club"]
[Date "2020.10.24"]
[Round "4"]
[White "CMAlge"]
[Black "bardu"]
[Result "0-1"]
[WhiteElo "1260"]
[BlackElo "1370"]
[Opening "Sicilian: Grand Prix attack"]
[ECO "B23"]
[Time "15:17:35"]
[TimeControl "2700+45"]

1. e4 c5 2. Nc3 Nc6 3. f4 g6 4. Nf3 Bg7 5. Bc4 e6 6. d3 Nge7 7. O-O O-O 8. Qe1
d5 9. Bb3 Nd4 10. Qd2 Nec6 11. Ne2 Nxe2+ 12. Qxe2 Nd4 13. Nxd4 Bxd4+ 14. Kh1
dxe4 15. dxe4 Bg7 16. c3 b6 17. Be3 Bb7 18. Rad1 Qh4 19. Bf2 Qe7 20. Rd2 Rfd8
21. Rfd1 Rxd2 22. Rxd2 Rd8 23. Rxd8+ Qxd8 24. e5 Bd5 25. Bxd5 Qxd5 26. c4 Qc6
27. b3 f6 28. f5 fxe5 29. fxg6 hxg6 30. Qg4 Kf7 31. h4 a6 32. h5 gxh5 33. Qxh5+
Kf8 34. Qg5 Qd7 35. Qh5 Qf7 36. Qxf7+ Kxf7 37. a3 Ke7 38. b4 cxb4 39. axb4 b5
40. c5 Kd7 41. g4 e4 42. Kg2 Bc3 43. g5 Bxb4 44. g6 Bc3 45. Be1 Bg7 46. Bg3 Kc6
47. Bd6 b4 48. Kf1 b3 {White resigns} 0-1

[Event "Team 45 45 League T86"]
[Site "Internet Chess Club"]
[Date "2020.10.23"]
[Round "4"]
[White "Kidpython"]
[Black "seldredg"]
[Result "0-1"]
[WhiteElo "1146"]
[BlackElo "1354"]
[Opening "Pirc defense"]
[ECO "B07"]
[Time "19:34:21"]
[TimeControl "2700+45"]

1. e4 d6 2. d4 Nf6 3. Nc3 Nbd7 4. Bf4 e5 5. dxe5 dxe5 6. Be3 Bb4 7. Bd2 b6 8. a3
Bc5 9. Bb5 Bb7 10. Bg5 h6 11. Bxf6 gxf6 12. Bxd7+ Qxd7 13. Qxd7+ Kxd7 14. Nd5
Bxd5 15. exd5 Rhg8 16. g3 Rg4 17. Ne2 Rc8 18. b4 Be7 19. O-O c6 20. dxc6+ Rxc6
21. Rac1 f5 22. Rfd1+ Kc7 23. Rd5 f6 24. f4 Bd6 25. Kf2 h5 26. Ke3 h4 27. Rcd1
hxg3 28. hxg3 a6 29. c4 Rg8 30. b5 axb5 31. cxb5 Bc5+ 32. Kf3 Rd6 33. Rxc5+ bxc5
34. Rxd6 Kxd6 35. Nc3 Kc7 36. Nd5+ Kb7 37. Nxf6 e4+ 38. Ke3 Rxg3+ 39. Kd2 Rxa3
40. Nxe4 fxe4 41. Ke2 Kb6 42. f5 Kxb5 43. f6 Ra7 44. Ke3 Rf7 45. Kxe4 Rxf6 46.
Kd3 Kb4 47. Kc2 Ra6 48. Kb1 Kb3 49. Kc1 Ra2 50. Kb1 Rc2 51. Ka1 Rc1# {White
checkmated} 0-1